 Dungeon Crawl Stone Soup version 0.25-b1-29-g4cfa5c7bda (webtiles) character file.

Game seed: 13533727503655610661, levelgen mode: deterministic

168 Delamore the Cudgeler (level 5, 32/32 HPs)
             Began as a Gargoyle Fighter on June 3, 2020.
             Quit the game on level 2 of the Dungeon.
             The game lasted 00:02:26 (2961 turns).

Delamore the Cudgeler (Gargoyle Fighter)            Turns: 2961, Time: 00:02:27

Health: 32/32      AC: 10    Str: 21    XL:     5   Next: 49%
Magic:  5/5        EV:  7    Int:  8    God:
Gold:   147        SH:  9    Dex:  9    Spells: 4/4 levels left

rFire    . . .     SeeInvis .   a - +0 flail
rCold    . . .     Gourm    .   c - +0 kite shield
rNeg     + . .     Faith    .   b - +0 scale mail
rPois    ∞         Spirit   .   (no helmet)
rElec    +         Reflect  .   (no cloak)
rCorr    .         Harm     .   (no gloves)
MR       .....                  (no boots)
Stlth    ..........             (no amulet)
HPRegen  0.10/turn              (no ring)
MPRegen  0.09/turn              (no ring)

@: starving
A: negative energy resistance 1, electricity resistance, unbreathing,
petrification resistance, rot immunity, AC +4
a: no special abilities


You were on level 2 of the Dungeon.
You were starving.

You visited 1 branch of the dungeon, and saw 2 of its levels.

You collected 147 gold pieces.

Inventory:

Hand Weapons
 a - a +0 flail (weapon)
Armour
 b - a +0 scale mail (worn)
 c - a +0 kite shield (worn)
Scrolls
 e - 3 scrolls of fear {unknown}
 g - a scroll of noise {unknown}
 h - 2 scrolls of remove curse {unknown}
 j - a scroll of teleportation {unknown}
 k - 3 scrolls of identify {unknown}
 l - a scroll of immolation {unknown}
 n - a scroll of blinking {unknown}
Potions
 d - 3 potions of might
 i - 2 potions of resistance {unknown}
 m - a potion of lignification {unknown}
 o - a potion of curing {unknown}
 p - 2 potions of invisibility {unknown}
 q - a potion of heal wounds {unknown}
 r - 2 potions of brilliance {unknown}
Comestibles
 f - 5 rations


   Skills:
 - Level 3.2 Fighting
 + Level 5.5 Maces & Flails
 - Level 3.2 Armour
 - Level 3.2 Shields


You had 4 spell levels left.
You didn't know any spells.
Your spell library contained the following spells:

 Spells                   Type           Power        Failure   Level  Hunger
 Magic Dart               Conj           #...         99%         1    ##.....
 Blink                    Tloc           N/A          100%        2    ###....
 Call Imp                 Summ           #.......     100%        2    ###....
 Slow                     Hex            #.......     100%        2    ###....
 Conjure Flame            Conj/Fire      #.......     100%        3    ####...
 Mephitic Cloud           Conj/Pois/Air  #.......     100%        3    ####...


Dungeon Overview and Level Annotations

Branches:
Dungeon (2/15)

Altars:
Fedhas
Wu Jian


Innate Abilities, Weirdness & Mutations

You are resistant to torment.
Your stone body is resilient. (AC +4)
You are immune to poison.
You resist negative energy. (rN+)
You are resistant to electric shocks. (rElec)
You can survive without breathing.
You are immune to petrification.
You are immune to rotting.


Message History

No target in view!
You are feeling very hungry.
Fedhas invokes nature against you. The bolt of acid hits you!
The acid corrodes you!
You are splashed with acid!
Ouch! That really hurt!
* * * LOW HITPOINT WARNING * * *
You are no longer corroded.
You are near starving!
Unknown command.
Found an escape hatch in the ceiling.
You open the door.
Found a robe.
You see here a robe.
You see here a stone.
You are starving!
You are too hungry to fight recklessly!
You need to eat something NOW!
You need to eat something NOW!
You need to eat something NOW!
Are you sure you want to abandon this character and quit the game? (Confirm with "yes".)

####...........###.
#..+.............#[
#######'##.............#.
#......................#.
#<..........##.........#.
#...........###........#.
#######.........#####..#.
######.........#####..#.
......>.@....(..+........
######..........#####..#.
#...................
##...........###..#.
##...######.#....#. ..#
##........#.#.##.#. #.#
#.....###.#.#.##.#.
#.####..................
#.#..'.<...#...##.#.###.


There were no monsters in sight!

Vanquished Creatures
  9 adders (D:2)
  2 worms (D:2)
  2 dart slugs (D:2)
  6 leopard geckos
  9 bats
  2 giant cockroaches (D:2)
  7 goblins
  10 hobgoblins
  8 jackals
  A quokka (D:2)
  5 frilled lizards
  5 kobolds
  5 rats
71 creatures vanquished.

Notes
Turn   | Place    | Note
-------+----------+-------------------------------------------
     0 | D:1      | Delamore the Gargoyle Fighter began the quest for the Orb.
     0 | D:1      | Reached XP level 1. HP: 14/14 MP: 1/1
   122 | D:1      | Reached XP level 2. HP: 13/19 MP: 2/2
   291 | D:1      | Reached skill level 3 in Maces & Flails
   702 | D:1      | Reached XP level 3. HP: 23/23 MP: 3/3
  1079 | D:2      | Reached skill level 4 in Maces & Flails
  1267 | D:2      | Reached XP level 4. HP: 28/28 MP: 4/4
  1468 | D:2      | Reached skill level 5 in Maces & Flails
  1468 | D:2      | Reached XP level 5. HP: 32/32 MP: 5/5
  1724 | D:2      | Found an ornate altar of the Wu Jian Council.
  1823 | D:2      | Found a faded altar of an unknown god.
  1840 | D:2      | Became a worshipper of Fedhas Madash
  1840 | D:2      | Reached * piety under Fedhas
  2130 | D:2      | Fell from the grace of Fedhas
  2961 | D:2      | Quit the game

Illustrated notes

Levels and vault maps discovered:
D:1:      nagdon_arrival_zigzag_paths, layout_basic, minivault_24,
          minmay_hexomino_c4
D:2:      layout_basic, old_standard_altar, chequers_ecumenical_altar_simple,
          minmay_quantized

Skill      XL: |  1  2  3  4 |
---------------+-------------+-----
Maces & Flails | 3 4 5 |  5.5
Fighting       | |  3.2
Armour         | |  3.2
Shields        | |  3.2

Action                   |  1- 3 |  4- 6 || total
-------------------------+-------+-------++-------
Melee: Flail             |   140 |   149 ||   289
Invok: Renounce Religion |       |     1 ||     1
  Eat: Chunk             |     1 |     4 ||     5
Armor: Scale mail        |   113 |   103 ||   216
Dodge: Dodged            |    64 |    69 ||   133
Block: Kite shield       |   103 |    98 ||   201
